 Dungeon Crawl Stone Soup version 0.29-a0-565-g7a16c6de65 (webtiles) character file.

Game seed: 14394638298619866466

58 Lekart the Skirmisher (level 3, 0/33 HPs)
             Began as a Draconian Chaos Knight on June 12, 2022.
             Was a Plaything of Xom.
             Slain by an orc wizard
             ... wielding a +0 dagger
              (2 damage)
             ... on level 2 of the Dungeon.
             The game lasted 00:02:10 (1423 turns).

Lekart the Skirmisher (Draconian Chaos Knight)      Turns: 1423, Time: 00:02:11

Health: 0/33       AC:  5    Str: 14    XL:     3   Next: 75%
Magic:  0/4        EV: 12    Int: 12    God:    Xom [....*.]
Gold:   48         SH:  0    Dex: 12    Spells: 3/3 levels left

rFire   . . .      SeeInvis .   a - +1 falchion (chaos)
rCold   . . .      Faith    .   (no shield)
rNeg    . . .      Spirit   +   (body armour unavailable)
rPois   .          Reflect  .   (helmet restricted)
rElec   .          Harm     .   (no cloak)
rCorr   .          Rampage  .   (no gloves)
Will    .....                   (no boots)
Stlth   +.........              i - amulet of guardian spirit
HPRegen 0.11/turn               (no ring)
MPRegen 0.09/turn               (no ring)

@: no status effects
A: AC +5, unfitting armour, cold-blooded
a: Renounce Religion


You were on level 2 of the Dungeon.
You worshipped Xom.
You were a beloved toy of Xom.
You visited 1 branch of the dungeon, and saw 2 of its levels.

You collected 48 gold pieces.

Inventory:

Hand Weapons
 a - a +1 falchion of chaos (weapon)
Jewellery
 i - an amulet of guardian spirit (around neck)
Potions
 c - a potion of brilliance
 e - a potion of attraction
Miscellaneous
 b - a piece from Xom's chessboard (15/15) (quivered)


   Skills:
 + Level 4.0 Fighting
 + Level 3.7 Long Blades
 + Level 2.5 Dodging
 * Level 0.7 Spellcasting


You had 3 spell levels left.
You didn't know any spells.
Your spell library was empty.

Dungeon Overview and Level Annotations

Branches:
Dungeon (2/15)

Altars:
Yredelemnul


Innate Abilities, Weirdness & Mutations

Your plain brown scales are hard. (AC +5)
You cannot fit into any form of body armour.
You are cold-blooded and may be slowed by cold attacks.


Message History

It was a potion of invisibility.
You fade into invisibility!
The adder closely misses you.
An orc priest comes into view. It is wielding a +0 short sword.
The orc wizard is attracted toward you. x2
The orc priest is attracted toward you.
It was a potion of cancellation.
Your magical effects are unravelling.
You feel magically purged.
You flicker back into view.
You feel less confused.
The orc priest shouts!
The adder misses you. The orc wizard barely misses you.
The orc hits you with a +0 hand axe.
* * * LOW HITPOINT WARNING * * *
The adder closely misses you.
You feel less attractive to monsters.
As you read the scroll labelled FAMAENANYGH, it crumbles to dust.
The creatures around you are filled with an inner flame!
It was a scroll of immolation.
Xom opens a gate.
The adder bites you.
* * * LOW HITPOINT WARNING * * *
The orc barely misses you.
The orc priest mumbles some strange prayers to Beogh against you.
Beogh smites you!
You die... "Hey, that's my teddy bear!"
Xom revives you!
The orc wizard casts a spell.
The orc wizard flickers and vanishes!
Deactivating autopickup; reactivate with Ctrl-A.
An orc comes into view. It is wielding a +0 club.
Okay, then.
You aren't carrying any scrolls.
Okay, then.
You barely miss the orc wizard. The adder misses you.
The orc hits you with a +0 hand axe.
* * * LOW HITPOINT WARNING * * *
The orc wizard hits you with a +0 dagger.
You die...
Xom chuckles heartily!

#...##.##.. #.....
.... ##..... ......
. ...... #..... #.
#...# #.##.#^ #.
#..5# #.##.#.######.
#.oS###.##.#........
#.o@o...##.# #..)...
#.#o###.##.###>.....
#..{†#
#...".........
........#
#.######......
###:...## #)#
#...... #..o# #.#
#...... ..... #.#
####### #...§. #..
#.#... ### ##


You could see an orc priest (inner flame), an orc wizard (inner flame), an adder
(inner flame, ally target), 3 orcs and a friendly shadow imp (summoned).

Vanquished Creatures
  2 adders (D:2)
  A worm (D:2)
  3 dart slugs (D:1)
  A ball python (D:2)
  3 bats
  2 endoplasms (D:1)
  A giant cockroach (D:1)
  3 hobgoblins
  A jackal (D:1)
  2 quokkas (D:1)
  4 frilled lizards
  4 kobolds
  3 rats
30 creatures vanquished.

Notes
Turn   | Place    | Note
-------+----------+-------------------------------------------
     0 | D:1      | Lekart the Draconian Chaos Knight began the quest for the
                  | Orb.
     0 | D:1      | Reached XP level 1. HP: 19/19 MP: 1/1
    68 | D:1      | Reached XP level 2. HP: 11/26 MP: 2/2
    81 | D:1      | XOM: noise
   796 | D:1      | XOM: silly message
  1075 | D:2      | XOM: silly message
  1098 | D:2      | Found a basalt altar of Yredelemnul.
  1123 | D:2      | Reached XP level 3. HP: 29/33 MP: 1/3
  1176 | D:2      | XOM: noise
  1282 | D:2      | XOM is BORED!
  1282 | D:2      | XOM: 1-stop teleportation journey
  1292 | D:2      | XOM: silly message
  1307 | D:2      | Reached skill level 4 in Fighting
  1408 | D:2      | XOM: noise
  1415 | D:2      | XOM: confusion
  1422 | D:2      | XOM: summons friendly shadow imp
  1422 | D:2      | Xom revived you
  1423 | D:2      | Slain by an orc wizard

Illustrated notes

Levels and vault maps discovered:
D:1:      matt_arrival_los_fun, layout_basic, serial_park_tiny_pond,
          minmay_pentomino_w4
D:2:      cheibrodos_pilgrimage, layout_loops_ring, basic_altar

Skill      XL: |  1  2  3 |
---------------+----------+-----
Fighting       | 4 |  4.0
Long Blades    | |  3.7
Dodging        | |  2.5
Spellcasting   | |  0.7

Action                   || total
-------------------------++-------
Melee: Falchion          ||   104
       Tailslap          ||     8
       Punch             ||     1
  Use: Scroll            ||     6
       Potion            ||     3
Armor: Skin              ||    40
Dodge: Dodged            ||    81

Table legend: (Time is in decaauts)
 A = Elapsed time spent in this place.
 B = Non-inter-level travel time spent in this place.
 C = Inter-level travel time spent in this place.
 D = Time resting spent in this place.
 E = Time spent auto-exploring this place.
 F = Levels seen in this place.
 G = Mean time per level.
                   A        B        C        D        E       F      G
               +--------+--------+--------+--------+--------+-----+--------+
         Total |   1436 |   1404 |     32 |    100 |   1038 |   2 |  718.0 |
       Dungeon |   1436 |   1404 |     32 |    100 |   1038 |   2 |  718.0 |
               +--------+--------+--------+--------+--------+-----+--------+

Top non-repeatable levels by time:
     D:1: 1069 daAuts
     D:2: 366 daAuts
